[Event "36th Balaton GM 2018"]
[Site "Balatonlelle"]
[Date "2018.06.12"]
[Round "1.5"]
[White "Akshat, Khamparia"]
[Black "Kavutskiy, Konstantin"]
[Result "0-1"]
[ECO "E73"]
[WhiteElo "2403"]
[BlackElo "2397"]
[Annotator "ChessBase"]
[PlyCount "96"]
[EventDate "2018.06.12"]
[EventType "swiss"]
[EventCountry "HUN"]
[SourceTitle "playchess.com"]
[Source "ChessBase"]
[SourceQuality "1"]
[TimeControl "40/5400+30:1800+30"]

1. d4 Nf6 2. c4 g6 3. Nc3 Bg7 4. e4 d6 5. Be2 O-O 6. Bg5 Na6 7. f4 c6 8. Nf3 Nc7 9. Bh4 b5 10. e5 Ng4 11. Qd2 dxe5 12. fxe5 Ne6 13. Ne4 Bh6 14. Qc3 Ne3 15. Kf2 Ng4+ 16. Kf1 Nf4 17. h3 Nxe2 18. Kxe2 Ne3 19. g4 Nxc4 20. b3 Nb6 21. Qxc6 Be6 22. Qxb5 Bd5 23. Bxe7 Qxe7 24. Nf6+ Kh8 25. Nxd5 Nxd5 26. Qxd5 Rac8 27. Qe4 f5 28. Qd3 Qb4 29. g5 Rc3 30. Qd2 Qb5+ 31. Kf2 Qc6 32. d5 Qc5+ 33. Kg3 Bxg5 34. Qxg5 f4+ 35. Kh2 Rc2+ 36. Qg2 Rxg2+ 37. Kxg2 Qc2+ 38. Kg1 Rc8 39. Rh2 Qc5+ 40. Rf2 Qxd5 41. Re1 Rc6 42. Kg2 Rc3 43. Ree2 Re3 44. Rd2 Qa8 45. Rd4 g5 46. Ra4 h5 47. Rc4 Kg7 48. e6 Kf6 0-1

[Event "36th Balaton GM 2018"]
[Site "Balatonlelle"]
[Date "2018.06.13"]
[Round "2.2"]
[White "Erturan, Yakup"]
[Black "Akshat, Khamparia"]
[Result "1/2-1/2"]
[ECO "B39"]
[WhiteElo "2384"]
[BlackElo "2403"]
[Annotator "ChessBase"]
[PlyCount "30"]
[EventDate "2018.06.12"]
[EventType "swiss"]
[EventCountry "HUN"]
[SourceTitle "playchess.com"]
[Source "ChessBase"]
[SourceQuality "1"]
[TimeControl "40/5400+30:1800+30"]

1. e4 c5 2. Nf3 Nc6 3. d4 cxd4 4. Nxd4 g6 5. c4 Bg7 6. Be3 Nf6 7. Nc3 Ng4 8. Qxg4 Nxd4 9. Qd1 Ne6 10. Qd2 O-O 11. Rc1 b6 12. Be2 Bb7 13. O-O Nc5 14. f3 a5 15. b3 f5 1/2-1/2

[Event "36th Balaton GM 2018"]
[Site "Balatonlelle"]
[Date "2018.06.14"]
[Round "3"]
[White "Akshat, Khamparia"]
[Black "Koksal, Ege"]
[Result "0-1"]
[ECO "E21"]
[WhiteElo "2403"]
[BlackElo "2356"]
[Annotator "ChessBase"]
[PlyCount "110"]
[EventDate "2018.06.12"]
[EventType "swiss"]
[EventCountry "HUN"]
[SourceTitle "playchess.com"]
[Source "ChessBase"]
[SourceQuality "1"]
[TimeControl "40/5400+30:1800+30"]

1. d4 Nf6 2. c4 e6 3. Nc3 Bb4 4. Nf3 O-O 5. g3 b6 6. Bg2 Bb7 7. O-O Bxc3 8. bxc3 d6 9. Re1 Nbd7 10. Qc2 Be4 11. Qb3 Bb7 12. a4 a5 13. Bh3 h6 14. Nd2 Ne4 15. Nxe4 Bxe4 16. f3 Bb7 17. e4 Qe7 18. Ra2 Rad8 19. Be3 Kh8 20. Bf1 f5 21. exf5 Bxf3 22. fxe6 Qxe6 23. Bf2 Qf7 24. Qc2 Bc6 25. d5 Bb7 26. Bd4 Ne5 27. Bxe5 dxe5 28. Qe4 Bc8 29. Bd3 Bf5 30. Qxf5 Qxf5 31. Bxf5 Rxf5 32. Rf2 Rdf8 33. Rxf5 Rxf5 34. Kg2 Kg8 35. Rb1 e4 36. Re1 Rf3 37. Rxe4 Rxc3 38. Re8+ Kf7 39. Rc8 Rxc4 40. d6 Ke6 41. dxc7 Kd6 42. Rd8+ Kxc7 43. Rg8 g5 44. Rg7+ Kb8 45. Rg6 Kb7 46. Rxh6 g4 47. h4 gxh3+ 48. Kxh3 Rxa4 49. g4 Ra1 50. g5 Rg1 51. Kh4 a4 52. Rf6 a3 53. Rf2 b5 54. Kh5 Kb6 55. g6 b4 0-1

[Event "36th Balaton GM 2018"]
[Site "Balatonlelle"]
[Date "2018.06.14"]
[Round "3"]
[White "Kavutskiy, Konstantin"]
[Black "Erturan, Yakup"]
[Result "1/2-1/2"]
[ECO "D10"]
[WhiteElo "2397"]
[BlackElo "2384"]
[Annotator "NA"]
[PlyCount "73"]
[EventDate "2018.06.12"]
[EventType "swiss"]
[EventCountry "HUN"]
[SourceTitle "playchess.com"]
[Source "ChessBase"]
[SourceQuality "1"]
[TimeControl "40/5400+30:1800+30"]

1. d4 d5 2. c4 c6 3. cxd5 cxd5 4. Bg5 Qb6 5. Nc3 Nc6 6. Nf3 Bg4 7. e3 Bxf3 8. gxf3 e6 9. a3 Be7 10. Bf4 $11 Nf6 11. Bd3 O-O 12. O-O Nh5 13. Bg3 a6 14. f4 g6 15. f5 Nxg3 16. hxg3 gxf5 17. Qh5 Kg7 18. g4 Rg8 19. gxf5 Nxd4 20. Kh1 Nxf5 21. Rg1+ Kh8 22. Qxf7 Qd6 23. Rxg8+ Rxg8 24. Rg1 Rxg1+ 25. Kxg1 Ng7 26. e4 dxe4 27. Bxe4 b6 28. Bf3 Qd8 29. Be2 a5 30. Bc4 Qf8 31. Bxe6 Nxe6 32. Qxe6 Qg8+ 33. Qxg8+ Kxg8 34. Nd5 Bc5 35. b4 axb4 36. axb4 Bd4 37. Nxb6 1/2-1/2

[Event "36th Balaton GM 2018"]
[Site "Balatonlelle"]
[Date "2018.06.15"]
[Round "4"]
[White "Soham Das"]
[Black "Akshat, Khamparia"]
[Result "1/2-1/2"]
[ECO "B81"]
[WhiteElo "2355"]
[BlackElo "2403"]
[Annotator "NA"]
[PlyCount "42"]
[EventDate "2018.06.12"]
[EventType "swiss"]
[EventCountry "HUN"]
[SourceTitle "playchess.com"]
[Source "ChessBase"]
[SourceQuality "1"]
[TimeControl "40/5400+30:1800+30"]

1. e4 c5 2. Nf3 d6 3. d4 cxd4 4. Nxd4 Nf6 5. Nc3 e6 6. g4 e5 7. Bb5+ Bd7 8. Bxd7+ Qxd7 9. Nf5 h5 10. gxh5 Nxh5 11. Bh6 Nc6 12. Qxh5 Ne7 13. Nxe7 Rxh6 14. Qg5 Qxe7 15. Qe3 Qd7 16. O-O-O Be7 17. Kb1 Rh3 18. f3 Kf8 19. Nd5 b6 20. Rd3 g6 21. Rc3 Rc8 1/2-1/2

[Event "36th Balaton GM 2018"]
[Site "Balatonlelle"]
[Date "2018.06.16"]
[Round "5"]
[White "Kavutskiy, Konstantin"]
[Black "Soham Das"]
[Result "1-0"]
[ECO "B10"]
[WhiteElo "2397"]
[BlackElo "2355"]
[Annotator "NA"]
[PlyCount "63"]
[EventDate "2018.06.12"]
[EventType "swiss"]
[EventCountry "HUN"]
[SourceTitle "playchess.com"]
[Source "ChessBase"]
[SourceQuality "1"]
[TimeControl "40/5400+30:1800+30"]

1. e4 c6 2. Nc3 d5 3. Nf3 Nf6 4. e5 Ne4 5. Ne2 Qb6 6. d4 e6 7. Nfg1 f6 8. f3 Ng5 9. exf6 gxf6 10. f4 Ne4 11. Ng3 c5 12. Bd3 Nxg3 13. hxg3 cxd4 14. Nf3 Nc6 15. Bxh7 Kd8 16. Rh4 Kc7 17. c3 dxc3 18. bxc3 Bc5 19. Nd4 Nxd4 20. cxd4 Qb4+ 21. Bd2 Qxd4 22. Ba5+ b6 23. Qxd4 Bxd4 24. Rd1 e5 25. Bb4 Ba6 26. Bg6 Bc4 27. Be7 Bc3+ 28. Kf2 e4 29. Ke3 Kd7 30. Ba3 Ke6 31. f5+ Ke5 32. Rxe4+ 1-0

[Event "36th Balaton GM 2018"]
[Site "Balatonlelle"]
[Date "2018.06.17"]
[Round "6"]
[White "McPhillips, Joseph"]
[Black "Nagy, Bence"]
[Result "1/2-1/2"]
[ECO "B53"]
[WhiteElo "2399"]
[BlackElo "2354"]
[Annotator "NA"]
[PlyCount "109"]
[EventDate "2018.06.12"]
[EventType "swiss"]
[EventCountry "HUN"]
[SourceTitle "playchess.com"]
[Source "ChessBase"]
[SourceQuality "1"]
[TimeControl "40/5400+30:1800+30"]

1. e4 c5 2. Nf3 d6 3. d4 cxd4 4. Qxd4 e5 5. Bb5+ Nc6 6. Qd3 Be7 {[%emt 0:05:19] B53: Sicilian: 2...d6: Lines with Qxd4} 7. c4 (7. O-O a6 8. Bxc6+ bxc6 9. Rd1 Qc7 10. c4 Bg4 11. h3 Bxf3 12. Qxf3 Nf6 13. Nc3 O-O 14. b3 Rfd8 15. Bg5 Ne8 16. Bxe7 Qxe7 17. Rd3 Nc7 18. Rad1 Ne6 {½-½ (18) Yandemirov,V (2423)-Mikhaletz,L (2428) Alushta 2013}) 7... Nf6 8. h3 O-O 9. O-O Be6 10. Nc3 Nb4 11. Qe2 a6 12. Ba4 Qc7 $146 ({Predecessor:} 12... Rc8 13. Bb3 Qc7 14. a3 {0-1 (48) Podolsky,A (2270)-Doluhanova,E (2287) Chervonograd 2012}) 13. Bb3 a5 14. Rd1 Rac8 15. a3 Na6 16. Nb5 Qb8 17. Bg5 Rc6 18. Rac1 Rfc8 19. Be3 Nc5 20. Bc2 a4 21. Nd2 Qa8 22. Nc3 Nb3 23. Bxb3 axb3 24. Nb5 b6 25. Qf1 Qa6 26. a4 h6 27. a5 bxa5 28. Na7 a4 29. f3 Nd7 30. Nxc6 Rxc6 31. Qf2 Nc5 32. Qe2 Nd7 33. Qf2 Bd8 34. Kh2 Bb6 35. Nb1 Bxe3 36. Qxe3 Bxc4 37. Na3 Nb6 38. Qc3 Qc8 39. Qa5 d5 40. Rc3 d4 41. Rcc1 Be2 42. Rxc6 Qxc6 43. Rd2 d3 44. Qxe5 Nc4 45. Nxc4 Qxc4 46. Qd6 h5 47. h4 g6 48. Qb8+ Kg7 49. Qe5+ Kf8 50. Qd6+ $11 Ke8 51. Kg3 Qc1 52. Qe5+ Kf8 53. Qh8+ Ke7 54. Qe5+ Kf8 55. Qh8+ 1/2-1/2

[Event "36th Balaton GM 2018"]
[Site "Balatonlelle"]
[Date "2018.06.17"]
[Round "6"]
[White "Klaric, Zlatko"]
[Black "Gungl, Theo"]
[Result "1/2-1/2"]
[ECO "A06"]
[WhiteElo "2397"]
[BlackElo "2237"]
[Annotator "NA"]
[PlyCount "127"]
[EventDate "2018.06.12"]
[EventType "swiss"]
[EventCountry "HUN"]
[SourceTitle "playchess.com"]
[Source "ChessBase"]
[SourceQuality "1"]
[TimeControl "40/5400+30:1800+30"]

1. Nf3 d5 2. b4 Nf6 3. Bb2 e6 4. a3 Nbd7 5. e3 {[%emt 0:00:11] A00: Irregular Openings} Bd6 6. c4 c6 7. d4 Ne4 (7... O-O 8. Nbd2 Qe7 9. Qc2 e5 10. cxd5 cxd5 11. dxe5 Nxe5 12. Be2 Bg4 13. O-O Rac8 {½-½ (13) Mirzoev,A (2617)-Lopez Martinez,J (2589) Pamplona 2009}) 8. Nbd2 f5 9. Ne5 $146 ({Predecessor:} 9. g3 O-O 10. c5 Bc7 11. Bg2 Qf6 12. O-O Qh6 {1-0 (38) Tosic,M (2489)-Panic,N (2347) Obrenovac 2004}) 9... O-O 10. g3 Bc7 11. f3 Nxd2 12. Qxd2 Nxe5 13. dxe5 dxc4 14. Bxc4 Qxd2+ 15. Kxd2 Bd7 16. Ke2 Rad8 17. f4 Kf7 18. Bd4 b6 19. g4 (19. Rhd1 $16) 19... g6 20. h4 ({White should try} 20. h3 $16) 20... Bc8 21. h5 Rh8 22. Rac1 Bb8 23. Bb3 Bb7 24. Rh4 Rdg8 25. hxg6+ hxg6 26. Rch1 Rxh4 27. Rxh4 Bc8 28. e4 fxe4 29. f5 gxf5 30. gxf5 Rd8 31. Rxe4 Ke7 32. f6+ Kf7 33. Rg4 Rxd4 34. Rxd4 Bxe5 35. Rd8 Ba6+ 36. Ke3 Kxf6 37. Ra8 Bc3 38. Rxa7 Bf1 39. Rb7 b5 40. Bd1 Bg2 41. Bf3 Bxf3 42. Kxf3 Ke5 43. Rd7 Bb2 44. Rd3 Bd4 45. Ke2 Kd5 46. Rh3 Kc4 47. Kd2 e5 $11 48. Kc2 c5 49. bxc5 Bxc5 50. Rh4+ Bd4 51. Rh8 Bc5 52. Rh4+ Bd4 53. Rh3 Bc5 54. Rb3 e4 55. Rc3+ Kd4 56. Rb3 Kc4 57. Rh3 b4 58. a4 e3 59. Rh4+ Bd4 60. a5 b3+ 61. Kb1 e2 62. Rh1 Kd3 63. a6 Kd2 64. Rh2 1/2-1/2

[Event "36th Balaton GM 2018"]
[Site "Balatonlelle"]
[Date "2018.06.17"]
[Round "6"]
[White "Naumkin, Igor"]
[Black "Urh, Zala"]
[Result "1-0"]
[ECO "D37"]
[WhiteElo "2383"]
[BlackElo "2248"]
[Annotator "NA"]
[PlyCount "114"]
[EventDate "2018.06.12"]
[EventType "swiss"]
[EventCountry "HUN"]
[SourceTitle "playchess.com"]
[Source "ChessBase"]
[SourceQuality "1"]
[TimeControl "40/5400+30:1800+30"]

1. d4 Nf6 2. c4 e6 3. Nf3 d5 4. Nc3 Nbd7 {[%emt 0:00:15] LiveBook: 3530 Games} 5. Bg5 h6 6. Bh4 dxc4 7. e3 a6 {[%emt 0:01:11] D51: Damengambit (Cambridge-Springs-Variante und Abweichungen)} 8. a4 b6 9. Bxc4 Bb7 10. O-O Be7 11. Qe2 O-O 12. Rad1 $146 ({Vorgänger:} 12. Rfd1 Ne4 13. Nxe4 Bxh4 {1-0 (76) Aronian,L (2797)-Wang,H (2710) Beijing 2014}) 12... Ne4 13. Nxe4 Bxh4 14. Nc3 Be7 15. e4 c6 16. e5 Qc7 17. Qe3 Rfd8 18. Ba2 Nf8 19. h4 b5 20. Rd3 Rac8 21. Rfd1 b4 22. Ne4 c5 23. dxc5 Rxd3 24. Rxd3 Bxe4 25. Qxe4 Qxc5 26. Rd2 a5 27. Bb3 Qc6 28. Qxc6 Rxc6 29. g3 Rc5 30. Nd4 g5 31. hxg5 hxg5 32. Rc2 Rxc2 33. Bxc2 Bd8 34. Nc6 Bc7 35. Kg2 Nd7 36. f4 gxf4 37. gxf4 f6 38. exf6 Bxf4 39. Nxa5 Ne5 40. Nb7 Nc4 $2 (40... Kf7 $11 {and Black is okay.}) 41. b3 Ne5 42. Nd8 Be3 43. a5 Kf8 44. Nxe6+ Kf7 45. Nc7 Bc5 {[%emt 0:04:36] [#]} 46. Be4 $1 Kxf6 47. a6 Nd7 48. Nb5 Ke5 49. Kf3 $18 Bb6 50. a7 Bxa7 51. Nxa7 Nc5 52. Bc2 Kd4 53. Nb5+ Kd5 54. Ke3 Ne6 55. Bf5 Nc5 56. Nd4 Ke5 57. Bh7 Kd5 {Ke4+} 1-0

[Event "36th Balaton GM 2018"]
[Site "Balatonlelle"]
[Date "2018.06.17"]
[Round "6"]
[White "Soham Das"]
[Black "Erturan, Yakup"]
[Result "1-0"]
[ECO "B31"]
[WhiteElo "2355"]
[BlackElo "2384"]
[Annotator "NA"]
[PlyCount "55"]
[EventDate "2018.06.12"]
[EventType "swiss"]
[EventCountry "HUN"]
[SourceTitle "playchess.com"]
[Source "ChessBase"]
[SourceQuality "1"]
[TimeControl "40/5400+30:1800+30"]

1. e4 c5 2. Nf3 Nc6 3. Bb5 g6 4. Bxc6 dxc6 5. d3 Bg7 6. h3 Nf6 7. Nc3 Nd7 8. Be3 e5 9. Qd2 h6 10. Nh2 Qe7 11. O-O Nf8 12. f4 {[%emt 0:18:38] LiveBook: 175 Games} exf4 13. Bxf4 g5 14. Bg3 Be6 15. e5 Ng6 $16 16. Nf3 O-O 17. Ne4 Bd5 18. Nf6+ Bxf6 19. exf6 Qxf6 20. Ne5 Qd6 21. Rae1 Rae8 22. Ng4 Qxg3 23. Nf6+ Kh8 24. Rxe8 Rxe8 25. Nxe8 Ne5 26. Rf6 Ng6 27. Rxg6 Qe5 28. Rxh6+ 1-0

[Event "36th Balaton GM 2018"]
[Site "Balatonlelle"]
[Date "2018.06.17"]
[Round "6"]
[White "Li, Bo"]
[Black "Kavutskiy, Konstantin"]
[Result "1-0"]
[ECO "E62"]
[WhiteElo "2333"]
[BlackElo "2397"]
[Annotator "NA"]
[PlyCount "59"]
[EventDate "2018.06.12"]
[EventType "swiss"]
[EventCountry "HUN"]
[SourceTitle "playchess.com"]
[Source "ChessBase"]
[SourceQuality "1"]
[TimeControl "40/5400+30:1800+30"]

1. d4 Nf6 2. c4 g6 3. g3 Bg7 4. Bg2 O-O 5. Nc3 d6 6. Nf3 c6 7. O-O Bf5 8. Nh4 Be6 9. b3 d5 10. Qd3 c5 11. dxc5 Ne4 12. cxd5 Nxc3 13. dxe6 Nc6 14. exf7+ Rxf7 15. Kh1 $16 Qxd3 16. exd3 Rd8 17. Nf3 Rxd3 18. Be3 Nd5 19. Rad1 Rxe3 20. Ng5 Nc3 21. fxe3 Nxd1 22. Bd5 Nxe3 23. Bxf7+ Kh8 24. Re1 Ng4 25. Bc4 Bc3 26. Rf1 Nf6 27. Ne6 Ne5 28. Rd1 h5 29. Rd8+ Kh7 30. Rb8 1-0

[Event "36th Balaton GM 2018"]
[Site "Balatonlelle"]
[Date "2018.06.17"]
[Round "6"]
[White "Gorti, Akshita"]
[Black "Vegh, Endre"]
[Result "0-1"]
[ECO "A04"]
[WhiteElo "2258"]
[BlackElo "2260"]
[Annotator "NA"]
[PlyCount "84"]
[EventDate "2018.06.12"]
[EventType "swiss"]
[EventCountry "HUN"]
[SourceTitle "playchess.com"]
[Source "ChessBase"]
[SourceQuality "1"]
[TimeControl "40/5400+30:1800+30"]

1. Nf3 b6 2. d4 Bb7 3. e3 e6 4. Bd3 f5 5. O-O Nf6 6. c4 Be7 7. Nc3 O-O {[%emt 0:03:29] A85: Dutch Defence: 2 c4 Nf6 3 Nc3} 8. Nd2 (8. d5 Na6 9. a3 Nc5 10. Bc2 a5 11. b3 Nfe4 12. Ne2 Bf6 13. Rb1 Nd6 14. b4 axb4 15. axb4 {1-0 (99) Stefanova,A (2500)-Zhao,X (2477) Huaian 2017}) 8... Nc6 9. a3 a5 $146 ({Predecessor:} 9... a6 10. b4 Qe8 11. Be2 Qg6 12. Bf3 Ra7 13. c5 e5 14. Nd5 exd4 15. Nxe7+ Nxe7 16. Bxb7 Rxb7 17. exd4 {0-1 (32) Vu,D (1488)-Diller,P (1939) Nürnberg 2014}) 10. Qc2 Qe8 11. Nf3 Nd8 12. e4 fxe4 13. Nxe4 Nxe4 14. Bxe4 Bxe4 15. Qxe4 Nf7 16. Bd2 Nd6 17. Qd3 a4 18. Rae1 Bf6 19. Bb4 Qg6 $14 20. Qe2 Rf7 21. c5 bxc5 22. dxc5 Nf5 23. c6 dxc6 24. Qxe6 Bxb2 25. Qe8+ Rf8 26. Qe2 Nd6 27. Qxb2 Rxf3 28. Qc1 Nf7 29. Qc4 h6 30. Re6 Rf6 31. Rfe1 Rd8 32. h4 Rxe6 33. Rxe6 Rd1+ 34. Kh2 Qf5 35. Bc5 Rd5 36. Rxc6 Kh7 37. Rxc7 Ne5 38. Qe2 Ng4+ 39. Kg3 Nf6 40. Bb6 Rd3+ 41. f3 Rb3 42. Bf2 Nh5+ 0-1

[Event "36th Balaton GM 2018"]
[Site "Balatonlelle"]
[Date "2018.06.17"]
[Round "6"]
[White "Moksh Amit Doshi"]
[Black "Saber, Yasser"]
[Result "1-0"]
[ECO "A41"]
[WhiteElo "2203"]
[BlackElo "2266"]
[Annotator "NA"]
[PlyCount "87"]
[EventDate "2018.06.12"]
[EventType "swiss"]
[EventCountry "HUN"]
[SourceTitle "playchess.com"]
[Source "ChessBase"]
[SourceQuality "1"]
[TimeControl "40/5400+30:1800+30"]

1. d4 d6 2. c4 e5 3. Nc3 exd4 4. Qxd4 Nc6 5. Qd2 {[%emt 0:00:13] LiveBook: 428 Games} Be6 6. b3 Nf6 7. e4 a5 8. f3 {[%emt 0:07:20] A21: English Opening: 1...e5 2 Nc3} (8. Bb2 a4 9. Rd1 axb3 10. axb3 g6 11. Bd3 Bg7 12. Nge2 O-O 13. O-O Nd7 14. Nd5 Nc5 15. Bxg7 Kxg7 {0-1 (40) Dreev,A (2664)-Svidler,P (2759) Almaty 2016}) 8... a4 9. Nxa4 d5 $146 ({Predecessor:} 9... Rxa4 10. bxa4 d5 11. Bb2 Bb4 12. Bc3 Bxc3 13. Qxc3 dxe4 14. f4 O-O 15. Ne2 Qa8 {0-1 (34) Albrecht,H (2263)-Balashov,Y (2459) Schwaebisch Gmuend 2006}) 10. exd5 Rxa4 11. Bb2 $1 Ra8 12. dxc6 Qxd2+ 13. Kxd2 Rd8+ (13... b5 $16 {was worth a try.}) 14. Bd3 bxc6 15. Kc2 Bc5 16. Ne2 O-O 17. Rhd1 Be3 18. Bxf6 gxf6 19. Be4 c5 20. Rxd8 $18 Rxd8 21. Rd1 Bd4 22. g4 h5 23. gxh5 f5 24. Nxd4 cxd4 25. Rg1+ Kf8 26. Bd3 c5 27. f4 Ke7 28. Be2 d3+ 29. Bxd3 Rd4 30. Rf1 Kf6 31. a4 Bc8 32. Kc3 Bb7 33. b4 Be4 34. Bxe4 fxe4 35. bxc5 Rd3+ 36. Kb4 Rf3 37. Rd1 Rf2 38. c6 Rb2+ 39. Kc5 Rb8 40. c7 Rc8 41. Kc6 Kf5 42. Rd8 Rxc7+ 43. Kxc7 Kxf4 44. h6 1-0

[Event "36th Balaton GM 2018"]
[Site "Balatonlelle"]
[Date "2018.06.18"]
[Round "7"]
[White "Erturan, Yakup"]
[Black "Li, Bo"]
[Result "1/2-1/2"]
[ECO "B90"]
[WhiteElo "2384"]
[BlackElo "2333"]
[Annotator "NA"]
[PlyCount "110"]
[EventDate "2018.06.12"]
[EventType "swiss"]
[EventCountry "HUN"]
[SourceTitle "playchess.com"]
[Source "ChessBase"]
[SourceQuality "1"]
[TimeControl "40/5400+30:1800+30"]

1. e4 c5 2. Nf3 d6 3. d4 cxd4 4. Nxd4 Nf6 5. Nc3 a6 6. Be3 Ng4 7. Bc1 Nf6 8. f3 e5 9. Nb3 Be6 10. Be3 d5 {[%emt 0:08:00] B90: Sicilian Najdorf: Unusual White 6th moves, 6 Be3 Ng4 and 6 Be3 e5} (10... Be7 11. Qd2 Nbd7 12. g4 O-O 13. g5 Nh5 14. O-O-O b5 15. Nd5 Bxd5 16. exd5 f6 17. gxf6 Bxf6 18. Kb1 Nf4 19. Rg1 Kh8 20. Bd3 Bg5 21. Na5 Bh6 22. Nc6 Qh4 23. Qb4 {½-½ (49) Caruana,F (2784)-Mamedyarov,S (2809) Berlin 2018}) 11. exd5 {[%emt 0:00:55] LiveBook: 11 Games} Nxd5 12. Nxd5 Bxd5 13. Qd3 Nc6 14. c3 $146 ({Predecessor:} 14. O-O-O Be6 15. Nc5 Bxc5 16. Bxc5 Qxd3 17. Bxd3 Rc8 18. Rhe1 f6 19. f4 Bxa2 20. Bf5 Kf7 21. Rd7+ {1-0 (19) Szyszylo,R (2214)-Langner,T (1968) Germany 2014}) 14... e4 15. fxe4 Qh4+ 16. Bf2 Qxe4+ 17. Qxe4+ Bxe4 18. O-O-O Be7 19. Re1 f5 20. Nc5 Bxc5 21. Bxc5 O-O-O 22. Rg1 Rd5 23. Bb6 Ne5 24. Be2 Nd3+ 25. Bxd3 Rxd3 26. Bd4 Rd8 27. Re2 g6 28. Rge1 Re8 29. Rf2 Kd7 30. Rd1 Rxd1+ 31. Kxd1 Bd5 32. b3 Kc6 33. g3 a5 34. c4 Be4 35. Kc1 a4 36. Kb2 axb3 37. axb3 Ra8 38. Rd2 b5 39. cxb5+ Kxb5 40. Bc3 Ra7 41. Rd6 Rf7 42. Bd4 Bc6 43. Ka3 Rd7 44. Rxd7 Bxd7 45. h4 Kc6 46. Kb4 Kd5 47. Bg7 Ke4 48. Kc5 f4 49. gxf4 Kxf4 50. b4 Kg4 51. Bf6 h6 52. b5 Bxb5 53. Kxb5 g5 54. hxg5 $11 hxg5 55. Bxg5 Kxg5 1/2-1/2

[Event "36th Balaton GM 2018"]
[Site "Balatonlelle"]
[Date "2018.06.18"]
[Round "7"]
[White "Koksal, Ege"]
[Black "Soham Das"]
[Result "1-0"]
[ECO "A80"]
[WhiteElo "2356"]
[BlackElo "2355"]
[Annotator "ChessBase"]
[PlyCount "47"]
[EventDate "2018.06.12"]
[EventType "swiss"]
[EventCountry "HUN"]
[SourceTitle "playchess.com"]
[Source "ChessBase"]
[SourceQuality "1"]
[TimeControl "40/5400+30:1800+30"]

1. d4 f5 2. Bg5 h6 3. Bh4 g5 4. e3 Nf6 5. Bg3 d6 6. Nc3 e6 7. h4 Rg8 8. hxg5 hxg5 9. Qd2 Qe7 10. O-O-O Nc6 11. Bc4 Bd7 12. d5 exd5 13. Nxd5 Nxd5 14. Bxd5 Rg6 15. f4 Bg7 16. fxg5 O-O-O 17. Nf3 Ne5 18. Bf4 c6 19. Bb3 d5 20. Qa5 a6 21. Rh7 Be8 22. Bxe5 Rxg5 23. Nxg5 Qxe5 24. Rxg7 1-0

[Event "36th Balaton GM 2018"]
[Site "Balatonlelle"]
[Date "2018.06.19"]
[Round "8"]
[White "Li, Bo"]
[Black "Koksal, Ege"]
[Result "1/2-1/2"]
[ECO "A40"]
[WhiteElo "2333"]
[BlackElo "2356"]
[Annotator "NA"]
[PlyCount "96"]
[EventDate "2018.06.12"]
[EventType "swiss"]
[EventCountry "HUN"]
[SourceTitle "playchess.com"]
[Source "ChessBase"]
[SourceQuality "1"]
[TimeControl "40/5400+30:1800+30"]

1. d4 Nf6 2. c4 e6 3. g3 c5 4. Nf3 cxd4 5. Nxd4 Qc7 6. Nc3 a6 7. Qd3 Nc6 8. Bf4 e5 9. Nxc6 $15 dxc6 10. Bg5 Be7 11. Bg2 O-O 12. O-O Be6 13. b3 Rad8 14. Qc2 Rd7 15. Rad1 Rfd8 16. Rxd7 Rxd7 17. Rd1 Qd8 18. Rxd7 Nxd7 19. Bc1 a5 20. Bb2 Nc5 21. Qd1 Qxd1+ 22. Nxd1 a4 23. Ba3 Kf8 24. Bxc5 Bxc5 25. Nb2 axb3 26. axb3 Ke7 27. Nd3 Kd6 28. Kf1 f5 29. e4 Bd4 30. f4 exf4 31. Nxf4 Bf7 32. exf5 b5 33. Ne6 Bf6 34. Ke2 Ke5 35. g4 bxc4 36. bxc4 g6 37. Kd3 gxf5 38. gxf5 Bxe6 39. fxe6 Kxe6 40. Bxc6 Kd6 41. Be4 h6 42. h3 Kc5 43. Bd5 Bg7 44. Ke4 Bf6 45. Kf5 Bb2 46. Kg6 Bc1 47. h4 Bd2 48. h5 Bg5 1/2-1/2

[Event "36th Balaton GM 2018"]
[Site "Balatonlelle"]
[Date "2018.06.20"]
[Round "9"]
[White "Soham Das"]
[Black "Li, Bo"]
[Result "1-0"]
[ECO "B99"]
[WhiteElo "2355"]
[BlackElo "2333"]
[Annotator "NA RC"]
[PlyCount "79"]
[EventDate "2018.06.12"]
[EventType "swiss"]
[EventCountry "HUN"]
[SourceTitle "playchess.com"]
[Source "ChessBase"]
[SourceQuality "1"]
[TimeControl "40/5400+30:1800+30"]

1. e4 c5 2. Nf3 d6 3. d4 cxd4 4. Nxd4 Nf6 5. Nc3 a6 6. Bg5 e6 7. f4 Be7 8. Qf3 Qc7 9. O-O-O Nbd7 10. Bd3 b5 11. Rhe1 Bb7 12. Qg3 b4 13. Nd5 exd5 14. exd5 Kd8 {[%emt 0:04:05] B99: Sizilianisch (Najdorf-Variante)} 15. Nc6+ Bxc6 16. dxc6 Nc5 ({Viel schlechter ist} 16... Qxc6 $6 17. Bxf6 Bxf6 18. Be4 $16) 17. Bh4 {[%emt 0:02:41] LiveBook: 49 Games} g6 {[%emt 0:10:12] [#]} (17... Rg8 $1 $11 {keeps the balance.} 18. Bxh7 Rh8 19. Qxg7 Rxh7 20. Qxf6 Rxh4 21. Qxf7 Rh8 22. Re5 {½-½ (34) Wang,H (2733)-Dominguez Perez,L (2730) Sochi 2012}) 18. Rxe7 $1 Qxe7 {[%emt 0:03:06] [#]} 19. Re1 $1 Ne6 20. f5 Kc7 $146 ({Vorgänger:} 20... gxf5 21. Bxf6 Qxf6 22. Qxd6+ {1-0 (44) Papadopoulos,I (2395)-Fakhiridou,E (2284) Athens 2007}) 21. fxe6 fxe6 22. Bc4 e5 {[#]} 23. Bxf6 $1 Qxf6 24. Rf1 Qd8 25. Rf7+ Kxc6 26. Qf3+ d5 27. Rf6+ Kc7 28. Bxd5 Ra7 29. Rf7+ Kb8 30. Rxa7 Kxa7 31. Qf7+ Kb6 32. Qb7+ $18 (32. Qf2+ $142 Kb5 33. c4+ bxc3 {[#]} 34. a4+ $1 Kxa4 35. Qc2+ Kb5 36. Qb3+ Ka5 37. Qxc3+ Kb5 38. Qc6+ Kb4 39. Qc4+ Ka5 40. Qc5+ Ka4 41. b3#) 32... Ka5 33. a3 Qb6 34. axb4+ Qxb4 35. Qc7+ Kb5 36. Bc6+ Kc5 37. Qe7+ Kc4 38. b3+ Kc3 39. Qxe5+ Qd4 40. Qe1+ 1-0